 Dungeon Crawl Stone Soup version 0.25-a0-21-ga5a8db46c7 (webtiles) character file.

Game seed: 13593557170577313547, levelgen mode: deterministic

2328 Kohma the Covert (level 9, -2/44 HPs)
             Began as a Spriggan Enchanter on Oct 16, 2019.
             Was a Follower of Kikubaaqudgha.
             Killed by divine providence
             ... invoked by an orc priest
              (13 damage)
             ... on level 8 of the Dungeon.
             The game lasted 00:24:32 (9669 turns).

Kohma the Covert (Spriggan Enchanter)               Turns: 9669, Time: 00:24:32

Health: -2/44      AC:  4    Str:  4    XL:     9   Next: 19%
Magic:  7/16       EV: 24    Int: 18    God:    Kikubaaqudgha [*.....]
Gold:   546        SH:  0    Dex: 16    Spells: 3/16 levels left

rFire    . . .     SeeInvis +   j - +2 dagger (venom)
rCold    . . .     Gourm    .   (shield restricted)
rNeg     . . .     Faith    .   b - +1 robe
rPois    .         Spirit   .   (helmet restricted)
rElec    .         Reflect  .   q - +0 cloak
rCorr    .         Harm     .   (gloves unavailable)
MR       ++...                  (boots unavailable)
Stlth    ++++......             (no amulet)
HPRegen  0.14/turn              k - ring of protection from magic
MPRegen  0.15/turn              w - -2 ring of dexterity (curse)

@: very quick
A: very small, unfitting armour, see invisible, herbivore, speed 3, slow
metabolism 2
a: Receive Corpses, Renounce Religion


You were on level 8 of the Dungeon.
You worshipped Kikubaaqudgha.
Kikubaaqudgha was aware of your devotion.
You were not hungry.

You visited 2 branches of the dungeon, and saw 9 of its levels.
You also visited: Sewer and Ossuary.

You collected 546 gold pieces.

Inventory:

Hand Weapons
 j - a +2 dagger of venom (weapon)
 o - a +1 short sword of flaming
 C - a +1 rapier of speed
Missiles
 c - 198 stones
 u - 18 poisoned darts (quivered)
Armour
 b - a +1 robe (worn)
 q - a +0 cloak (worn)
Jewellery
 g - an uncursed ring of resist corrosion
 h - a +2 ring of evasion
 k - a ring of protection from magic (left hand)
 t - an uncursed ring of fire
 w - a cursed -2 ring of dexterity (right hand)
Wands
 i - a wand of polymorph (7)
 r - a wand of clouds (6)
 v - a wand of random effects (49)
 y - a wand of iceblast (4)
Scrolls
 a - 6 scrolls of teleportation
 f - 3 scrolls of enchant armour
 p - 2 scrolls of amnesia
 B - a scroll of enchant weapon
 F - 2 scrolls of remove curse
Potions
 e - 3 potions of cancellation
 l - a potion of mutation
 m - a potion of brilliance
 n - 2 potions of lignification
 s - 7 potions of curing
 x - 3 potions of flight
 z - 6 potions of heal wounds
 A - 2 potions of magic
 D - a potion of ambrosia {unknown}
 E - 2 potions of might {unknown}
 G - a potion of haste {unknown}
Comestibles
 d - 5 rations


   Skills:
 - Level 3.0 Fighting
 * Level 6.2 Short Blades
 - Level 8.5 Dodging
 * Level 9.0 Stealth
 - Level 4.2 Spellcasting
 - Level 8.2 Hexes
 + Level 1.0 Necromancy


You had 3 spell levels left.
You knew the following spells:

 Your Spells              Type           Power        Failure   Level  Hunger
a - Corona                Hex            ####...      1%          1    None
b - Ensorcelled Hibernat  Hex/Ice        ###...       4%          2    ##.....
c - Confuse               Hex            ####....     1%          3    ###....
d - Animate Dead          Necr           N/A          67%         4    ####...
e - Regeneration          Chrm/Necr      #.........   34%         3    ###....

Your spell library contained the following spells:

 Spells                   Type           Power        Failure   Level  Hunger
 Tukima's Dance           Hex            ####....     1%          3    ###....
 Dazzling Spray           Conj/Hex       ###...       8%          3    ###....
 Animate Skeleton         Necr           N/A          10%         1    None
 Pain                     Necr           #...         10%         1    None
 Freeze                   Ice            #...         14%         1    None
 Sublimation of Blood     Necr           #.........   14%         2    ##.....
 Throw Frost              Conj/Ice       #.....       22%         2    ##.....
 Vampiric Draining        Necr           #.........   28%         3    ###....
 Ozocubu's Armour         Chrm/Ice       #.......     41%         3    ###....
 Summon Ice Beast         Ice/Summ       #.......     82%         4    ####...
 Throw Icicle             Conj/Ice       #.......     82%         4    ####...


Dungeon Overview and Level Annotations

Branches:
Dungeon (8/15)             Temple (1/1) D:7           Sewer (visited)
Ossuary (visited)
   Lair: D:8-11

Altars:
Ashenzari
Cheibriados
Dithmenos
Elyvilon
Fedhas
Gozag
Hepliaklqana
Kikubaaqudgha
Makhleb
Nemelex Xobeh
Okawaru
Qazlal
Ru
Sif Muna
Trog
Uskayaw
Vehumet
Wu Jian
Xom
Yredelemnul
Zin
The Shining One


Innate Abilities, Weirdness & Mutations

You are very small and have problems with some larger weapons.
You are too small for most types of armour.
You have supernaturally acute eyesight. (SInv)
You are a herbivore.
You cover ground extremely quickly.
You need to consume almost no food.


Message History

Casting: Ensorcelled Hibernation (safe; 4% risk of failure)
Confirm with . or Enter, or press ? or * to list all spells.
Aiming: Ensorcelled Hibernation (safe; 4% risk of failure)
Press: ? - help, Shift-Dir - straight line, f/p - orc warrior
Aim: an orc warrior, wielding a +0 short sword and wearing a +0 plate armour (chance to defeat MR: 49%)
The orc warrior resists with some effort.
The orc warrior completely misses you.
Casting: Ensorcelled Hibernation (safe; 4% risk of failure)
Confirm with . or Enter, or press ? or * to list all spells.
Aiming: Ensorcelled Hibernation (safe; 4% risk of failure)
Press: ? - help, Shift-Dir - straight line, f/p - orc warrior
Aim: an orc warrior, wielding a +0 short sword and wearing a +0 plate armour (chance to defeat MR: 49%)
The orc warrior resists with some effort.
The orc warrior hits you with a +0 short sword!
* * * LOW HITPOINT WARNING * * *
Found an escape hatch in the ceiling.
The orc priest mumbles some strange prayers to Beogh against you.
Beogh smites you!
You die...
Kikubaaqudgha rasps: "You have failed me!
Welcome... death!"

,,,,,,####* #....................
,,,,###...###.....#.#####...####*
,,,,#.............#.# #...# ***
,,,,#.#..)##o.....#.# #...#**,,
*****,#......o....#.#####...#...,
,,,,,>....oo.....................
,***#.#....o......#.###.....#....
,*,.........<.....#.# #.....#....
,,,.*.#.........@##.###..........
,,,,..................#.....###..
,,,,,...............#.#.....###..
,,,,,,..<........................
,,,,,,,...###########.#..........
,,,,,,,,..*****######.#......##..
*******,,,,,,,...............##..
,,,,,,,,,,,,,,...............##.#
,,,,,,,,,,,,,,............>..##.#


You could see 2 orc warriors, an orc priest and 2 orcs.

Vanquished Creatures
  2 steam dragons (D:7)
  A sky beast (D:8)
  2 ice beasts
  2 orc warriors
  2 ogres
  A phantom (D:5)
  2 eyes of draining (D:7)
  3 bullfrogs
  A big kobold (Sewer)
  A scorpion (D:7)
  A crimson imp (D:5)
  A hound (D:5)
  A jelly (D:8)
  A bullfrog skeleton (D:7)
  An orc priest (D:3)
  Crazy Yiuf (D:3)
  An iguana (D:5)
  2 orc wizards
  2 worker ants
  6 hound skeletons
  11 mummies (Ossuary)
  A howler monkey skeleton (D:5)
  3 worker ant zombies
  7 gnolls
  2 river rats (Sewer)
  8 adders
  A shadow imp (D:7)
  2 adder zombies (D:3)
  6 worms
  8 leopard geckos
  13 orcs
  2 ball pythons
  4 giant cockroaches
  5 goblins
  A hobgoblin (D:2)
  2 jackals (Sewer)
  A quokka (D:5)
  8 bats
  3 frilled lizards
  2 gnoll skeletons (Ossuary)
  3 goblin skeletons (Ossuary)
  A jackal skeleton (D:3)
  13 kobolds
  2 kobold skeletons (Ossuary)
  A leopard gecko zombie (D:3)
  An orc skeleton (Ossuary)
  2 quokka zombies
  7 rats
  11 rat skeletons (Ossuary)
165 creatures vanquished.

Notes
Turn   | Place    | Note
-------+----------+-------------------------------------------
     0 | D:1      | Kohma the Spriggan Enchanter began the quest for the Orb.
     0 | D:1      | Reached XP level 1. HP: 9/9 MP: 5/5
   513 | D:1      | Reached XP level 2. HP: 13/13 MP: 6/6
   517 | D:1      | Learned a level 2 spell: Ensorcelled Hibernation
   519 | D:1      | Reached skill level 5 in Stealth
   845 | D:1      | You fall into a shaft and drop 1 floor!
  1273 | D:2      | Reached XP level 3. HP: 16/16 MP: 5/8
  1278 | D:2      | Learned a level 3 spell: Confuse
  1650 | D:3      | Found a blossoming altar of Fedhas.
  2102 | D:3      | Reached skill level 6 in Stealth
  2311 | D:3      | Reached XP level 4. HP: 21/21 MP: 9/9
  2328 | D:3      | Reached skill level 7 in Stealth
  2353 | D:3      | Reached XP level 5. HP: 24/24 MP: 3/10
  3280 | D:3      | Found a runed translucent door.
  3281 | D:3      | Noticed Crazy Yiuf
  3288 | D:3      | Killed Crazy Yiuf
  3459 | D:3      | Reached skill level 8 in Stealth
  3576 | D:3      | Reached XP level 6. HP: 28/28 MP: 11/11
  3773 | D:4      | Reached skill level 5 in Short Blades
  4218 | D:5      | Entered Level 5 of the Dungeon
  4827 | D:5      | Noticed an ice beast
  5483 | D:5      | Killed an ice beast
  5483 | D:5      | Reached XP level 7. HP: 32/32 MP: 4/14
  5567 | D:5      | Reached skill level 5 in Hexes
  5658 | D:5      | Found a sparkling altar of Nemelex Xobeh.
  5863 | D:6      | Found a shimmering altar of Xom.
  6063 | D:6      | Found a glowing drain.
  6072 | Sewer    | Entered a sewer
  6275 | Sewer    | Found a white marble altar of Elyvilon.
  6494 | D:6      | Found a glowing golden altar of the Shining One.
  6496 | D:6      | Found a burning altar of Makhleb.
  6496 | D:6      | Found an opulent altar of Gozag.
  6498 | D:6      | Found a shimmering blue altar of Sif Muna.
  6498 | D:6      | Found a glowing silver altar of Zin.
  6498 | D:6      | Found a shimmering altar of Xom.
  7014 | D:6      | Reached XP level 8. HP: 36/36 MP: 10/15
  7129 | D:6      | Found an ornate altar of the Wu Jian Council.
  7225 | D:6      | Found a snail-covered altar of Cheibriados.
  7295 | D:7      | Reached skill level 1 in Fighting
  7497 | D:7      | HP: 1/37 [steam dragon/ball of steam (17)]
  7887 | D:7      | Identified a scroll of acquirement
  7952 | D:7      | Reached skill level 5 in Dodging
  8102 | D:7      | Found a bloodstained altar of Trog.
  8424 | D:7      | Found a stormy altar of Qazlal.
  8481 | D:7      | Noticed an air elemental
  8596 | D:7      | Found a staircase to the Ecumenical Temple.
  8623 | Temple   | Entered the Ecumenical Temple
  8638 | Temple   | Became a worshipper of Kikubaaqudgha
  8829 | D:8      | Found a shattered altar of Ashenzari.
  8838 | D:8      | Found a radiant altar of Vehumet.
  8854 | D:8      | Reached XP level 9. HP: 44/44 MP: 16/16
  8867 | D:8      | Found a sand-covered staircase.
  8871 | Ossuary  | Entered an ossuary
  9235 | Ossuary  | Reached * piety under Kikubaaqudgha
  9235 | Ossuary  | Identified Kikubaaqudgha's Handbook of Stolen Souls
                  | (Kikubaaqudgha gifted it to you in an ossuary)
  9235 | Ossuary  | Received a gift from Kikubaaqudgha
  9242 | Ossuary  | Learned a level 4 spell: Animate Dead
  9246 | Ossuary  | Learned a level 3 spell: Regeneration
  9533 | D:8      | Reached skill level 9 in Stealth
  9533 | D:8      | Reached skill level 1 in Necromancy
  9669 | D:8      | Killed from afar by an orc priest

Levels and vault maps discovered:
D:1:      dpeg_arrival_triangle_fractal, layout_rooms
D:2:      layout_basic
D:3:      layout_basic, fedhas_ov_isle_minmay, serial_undead, serial_undead_a,
          serial_undead_c, serial_undead_f, serial_undead_b,
          grunt_ministairs_12, uniq_crazy_yiuf_cottage
D:4:      layout_loops_ring, first_ration
D:5:      layout_basic, kennysheep_little_box
D:6:      layout_gridville, xom_butterflies, cheibrodos_worm_habitat,
          basic_altar, cheibrodos_sewer_entry_drain, doesnt_xom_only_xom
D:7:      cheibrodos_steamvent, layout_rooms, nicolae_qazlal_style_of_elements,
          trog_eyes_of_draining
D:8:      layout_basic, lemuel_crystal_altar, basic_altar,
          lightli_ossuary_entry_decrepit_ruins, uniq_pikel
Temple:   eino_wide_crystal_templ

Skill      XL: |  1  2  3  4  5  6  7  8  9 |
---------------+----------------------------+-----
Stealth        | 5 6 7 8 9 |  9.0
Short Blades   | 2 3 4 5 6 |  6.2
Spellcasting   | 4 |  4.2
Hexes          | 4 8 |  8.2
Fighting       | 3 |  3.0
Dodging        | 8 |  8.5
Necromancy     | 1 |  1.0

Action                   |  1- 3 |  4- 6 |  7- 9 || total
-------------------------+-------+-------+-------++-------
Melee: Dagger            |   124 |   141 |   247 ||   512
Throw: Stone             |       |     9 |     1 ||    10
 Cast: Ensorcelled Hiber |     9 |    37 |    35 ||    81
       Confuse           |     3 |     4 |    14 ||    21
  Use: Scroll            |     7 |       |    16 ||    23
       Potion            |     1 |       |       ||     1
 Stab: Sleeping          |    16 |    27 |    49 ||    92
       Confused          |       |     1 |     8 ||     9
       Distracted        |       |       |     1 ||     1
  Eat: Ration            |       |     3 |     3 ||     6
Armor: Robe              |    16 |    11 |    17 ||    44
Dodge: Dodged            |   104 |   118 |   112 ||   334

Table legend:
 A = Non-vault XP
 B = Vault XP
 C = Vault XP percentage of total XP
 D = Non-vault monster count
 E = Vault monster count
 F = Vault count percentage of total count
                 A         B        C        D         E       F
            +---------+---------+-------+---------+---------+-------
      Total |    1987 |    1339 |  40.3 |     103 |      62 |  37.6
            +---------+---------+-------+---------+---------+-------
        D:1 |      24 |       0 |   0.0 |      15 |       0 |   0.0
        D:2 |      25 |       0 |   0.0 |      11 |       0 |   0.0
        D:3 |     225 |     108 |  32.4 |      28 |      10 |  26.3
        D:4 |     176 |       0 |   0.0 |       6 |       0 |   0.0
        D:5 |     477 |       0 |   0.0 |      15 |       0 |   0.0
        D:6 |     362 |      19 |   5.0 |      12 |       5 |  29.4
        D:7 |     343 |     869 |  71.7 |       8 |       6 |  42.9
        D:8 |     355 |       0 |   0.0 |       8 |       0 |   0.0
      Sewer |       0 |     132 | 100.0 |       0 |      11 | 100.0
    Ossuary |       0 |     211 | 100.0 |       0 |      30 | 100.0
            +---------+---------+-------+---------+---------+-------
